 Dungeon Sprint DCSS version 0.28.0-43-g3370ac3207 (webtiles) character file.

Game seed: 9324448770820804049

4344 boopmooplesden the Fencer (level 10, -3/107 HPs)
             Began as a Minotaur Berserker on Mar 17, 2022.
             Was a High Priest of Trog.
             Killed from afar by a ynoxinul (42 damage)
             ... with an iron shot
             ... summoned by an orc high priest
             ... in the Dungeon (Sprint III: "The Ten Rune Challenge").
             The game lasted 00:04:38 (2209 turns).

boopmooplesden the Fencer (Minotaur Berserker)      Turns: 2209, Time: 00:04:39

Health: -3/107     AC: 11    Str: 22    XL:     10   Next: 12%
Magic:  5/8        EV: 11    Int:  6    God:    Trog [*****.]
Gold:   30         SH:  0    Dex: 14    Spells: 9/9 levels left

rFire   . . .      SeeInvis .   e - +4 triple sword
rCold   + . .      Faith    .   (shield currently unavailable)
rNeg    . . .      Spirit   .   n - +0 chain mail
rPois   +          Reflect  .   (helmet restricted)
rElec   .          Harm     .   (no cloak)
rCorr   .          Rampage  .   (no gloves)
Will    +....      NoTele   +   (no boots)
Stlth   ..........              (no amulet)
HPRegen 0.27/turn               (no ring)
MPRegen 0.11/turn               (no ring)

@: on berserk cooldown, slowed, very slow
A: horns 2, retaliatory headbutt, clever 1, cold resistance 1, low MP 1,
strong-willed 1, poison resistance, subdued magic 1
a: Renounce Religion, Berserk, Trog's Hand, Brothers in Arms


You were in the Dungeon.
You worshipped Trog.
Trog was extremely pleased with you.
You visited 1 branch You collected 30 gold pieces.

Inventory:

Hand Weapons
 a - a +0 falchion
 e - a +4 triple sword (weapon)
 o - a +1 long sword of holy wrath
Armour
 b - a +0 animal skin
 n - a +0 chain mail (worn)
Scrolls
 h - a scroll of blinking
 k - 2 scrolls of holy word {unknown}
 l - a scroll of fear {unknown}
Potions
 c - 2 potions of curing
 d - a potion of heal wounds
 f - 2 potions of magic
 g - a potion of berserk rage
 i - a potion of lignification {unknown}
 j - 2 potions of mutation
 m - a potion of flight {unknown}
Miscellaneous
 p - a box of beasts


   Skills:
 + Level 15.8 Fighting
 + Level 19.2 Long Blades
 + Level 10.4 Armour
 + Level 8.4 Dodging
 + Level 3.2 Stealth


You had 9 spell levels left.
You didn't know any spells.
Your spell library was empty.

Dungeon Overview and Level Annotations

Branches:
Dungeon (1/1)

Altars:
Cheibriados
Dithmenos
Elyvilon
Fedhas
Gozag
Hepliaklqana
Kikubaaqudgha
Makhleb
Nemelex Xobeh
Okawaru
Qazlal
Ru
Sif Muna
Trog
Uskayaw
Vehumet
Wu Jian
Xom
Yredelemnul
Zin
The Shining One
Beogh
Jiyva
Lugonu


Innate Abilities, Weirdness & Mutations

You have a pair of horns on your head.
You reflexively headbutt those who attack you in melee.
Your mind is acute. (Int +2)
Your flesh is cold resistant. (rC+)
Your magical capacity is low. (-10% MP)
You are strong-willed. (Will+)
Your system is resistant to poisons. (rPois)
Your spells are a little easier to cast, but a little less powerful.


Message History

Beogh smites you! The chaos spawn gores you.
You feel your power leaking away. The orc high priest closely misses you.
You furiously retaliate!
You headbutt the orc high priest! You barely miss the orc high priest.
You headbutt the orc high priest.
The orc high priest is heavily wounded.
The orc high priest mumbles some strange prayers to Beogh.
The chaos spawn gores you but does no damage.
An orc high priest comes into view. It is wielding a +0 dire flail.
The orc high priest barely misses you.
You closely miss the orc high priest.
The orc high priest is heavily wounded.
The orc high priest calls upon Beogh to heal the orc high priest.
The orc high priest is healed somewhat.
The chaos spawn gores you!
* * * LOW HITPOINT WARNING * * *
The chaos spawn shocks you.
* * * LOW HITPOINT WARNING * * *
The orc high priest hits you with a +0 glaive!
* * * LOW HITPOINT WARNING * * *
The ynoxinul hits you but does no damage.
The orc high priest hits you but does no damage.
The ynoxinul gestures.
The orc high priest grunts noisily.
The orc high priest prays to Beogh.
The chaos spawn barely misses you.
The orc high priest hits you but does no damage.
You feel much better. The ynoxinul barely misses you. The chaos spawn hits you.
* * * LOW HITPOINT WARNING * * *
The chaos spawn shocks you!
* * * LOW HITPOINT WARNING * * *
The orc high priest hits you from afar with a +0 glaive.
* * * LOW HITPOINT WARNING * * *
The ynoxinul hits you but does no damage.
The ynoxinul gestures.
You feel much better. The chaos spawn closely misses you.
You furiously retaliate!
You headbutt the chaos spawn. The orc high priest closely misses you.
The ynoxinul gestures at you. The iron shot hits you!!!
You die...

+#####################
....#.#.#.....#.^....+
#.#..#.##.###)#......#
##.#.#.##)#..##...^.^#
.))#..#..##..'..^.^..#
▓▓▓▓▓▓▓▓▓▓▓▓▓#.......#
#.....^^# +.^...^.#
#^3@....# ##4########
#3ooo.≈≈≈§#
#45.#.≈≈§≈#
#55.#.#≈≈≈# #####4#
≈≈§# P.# §≈§§


PPP# §≈≈ .oPP# ≈§ You could see an orc high priest, a hellwing (summoned), 2
ynoxinuls, a chaos spawn (summoned) and 3 ufetubi.

Vanquished Creatures
  Harold (D)
  Erolcha (D)
  Joseph (D)
  A deep elf pyromancer (D)
  A shadow (D)
  2 redbacks (D)
  A spatial vortex (D)
  A necrophage (D)
  5 two-headed ogres (D)
  A water elemental (D)
  A scorpion (D)
  A jelly (D)
  Jessica (D)
  A wizard (D)
  A necromancer (D)
  3 humans (D)
  A kobold demonologist (D)
  2 endoplasms (D)
26 creatures vanquished.

Vanquished Creatures (others)
  9 plants (D)
9 creatures vanquished.

Grand Total: 35 creatures vanquished

Notes
Turn   | Place    | Note
-------+----------+-------------------------------------------
     0 | D        | boopmooplesden the Minotaur Berserker began the quest for
                  | the Orb.
     0 | D        | Reached XP level 1. HP: 19/19 MP: 0/0
     5 | D        | Reached skill level 4 in Long Blades
   251 | D        | Noticed Jessica
   256 | D        | Killed Jessica
   256 | D        | Reached ** piety under Trog
   257 | D        | Reached skill level 5 in Fighting
   257 | D        | Reached skill level 6 in Long Blades
   257 | D        | Reached XP level 2. HP: 29/29 MP: 1/1
   257 | D        | Reached XP level 3. HP: 36/36 MP: 2/2
   318 | D        | Noticed a scorpion
   326 | D        | Killed a scorpion
   327 | D        | Reached skill level 8 in Long Blades
   327 | D        | Reached XP level 4. HP: 33/47 MP: 3/3
   422 | D        | Gained mutation: You sometimes lose the ability to read
                  | scrolls when taking damage. [potion of mutation]
   422 | D        | Gained mutation: Your mind is acute. (Int +2) [potion of
                  | mutation]
   422 | D        | Gained mutation: Your mind is very acute. (Int +4) [potion
                  | of mutation]
   423 | D        | Lost mutation: Your mind is very acute. (Int +4) [potion of
                  | mutation]
   423 | D        | Lost mutation: You sometimes lose the ability to read
                  | scrolls when taking damage. [potion of mutation]
   423 | D        | Gained mutation: You have hidden genetic defects. [potion
                  | of mutation]
   423 | D        | Gained mutation: You are agile. (Dex +2) [potion of
                  | mutation]
   423 | D        | Gained mutation: You have sharp fingernails. [potion of
                  | mutation]
   423 | D        | Gained mutation: You are strong-willed. (Will+) [potion of
                  | mutation]
   424 | D        | Noticed a water elemental
   429 | D        | Killed a water elemental
   430 | D        | Reached skill level 9 in Long Blades
   430 | D        | Reached XP level 5. HP: 53/53 MP: 4/4
   431 | D        | Gained mutation: Your spells are a little easier to cast,
                  | but a little less powerful. [hidden defects]
   567 | D        | Found a radiant altar of Vehumet.
   567 | D        | Found a shimmering blue altar of Sif Muna.
   567 | D        | Found an ancient bone altar of Kikubaaqudgha.
   569 | D        | Reached *** piety under Trog
   570 | D        | Noticed a neqoxec
   575 | D        | Noticed a rust devil
   576 | D        | Reached skill level 10 in Long Blades
   580 | D        | Gained mutation: Your magical capacity is low. (-10% MP)
                  | [hidden defects]
   580 | D        | Lost mutation: You have hidden genetic defects. [hidden
                  | defects expressed]
   600 | D        | Lost mutation: You are agile. (Dex +2) [potion of mutation]
   600 | D        | Lost mutation: You have sharp fingernails. [potion of
                  | mutation]
   600 | D        | Gained mutation: Your flesh is cold resistant. (rC+)
                  | [potion of mutation]
   600 | D        | Gained mutation: Your system is resistant to poisons.
                  | (rPois) [potion of mutation]
   601 | D        | Found a basalt altar of Yredelemnul.
   601 | D        | Found a shadowy altar of Dithmenos.
   601 | D        | Found a sacrificial altar of Ru.
   601 | D        | Noticed a necrophage
   607 | D        | Reached **** piety under Trog
   608 | D        | Reached skill level 5 in Dodging
   610 | D        | Killed a necrophage
   611 | D        | Reached skill level 11 in Long Blades
   611 | D        | Reached skill level 1 in Stealth
   611 | D        | Reached XP level 6. HP: 10/64 MP: 4/4
   885 | D        | Found a hide-covered altar of Uskayaw.
   885 | D        | Found an iron altar of Okawaru.
   887 | D        | Found a bloodstained altar of Trog.
   887 | D        | Found an ornate altar of the Wu Jian Council.
   887 | D        | Noticed a human
   887 | D        | Noticed a human
   892 | D        | Killed a human
   893 | D        | Reached skill level 10 in Fighting
   893 | D        | Reached skill level 12 in Long Blades
   893 | D        | Reached skill level 5 in Armour
   899 | D        | Killed a human
   900 | D        | Reached XP level 7. HP: 74/74 MP: 5/5
   985 | D        | Found a glowing silver altar of Zin.
   985 | D        | Found a glowing golden altar of the Shining One.
   985 | D        | Found a white marble altar of Elyvilon.
   985 | D        | Noticed a deep elf pyromancer
  1001 | D        | Noticed a fire elemental
  1001 | D        | Noticed a fire elemental
  1001 | D        | Killed a deep elf pyromancer
  1001 | D        | Reached ***** piety under Trog
  1002 | D        | Reached skill level 14 in Long Blades
  1085 | D        | Noticed a shadow
  1089 | D        | Killed a shadow
  1090 | D        | Reached XP level 8. HP: 62/85 MP: 6/6
  1093 | D        | Reached skill level 15 in Long Blades
  1219 | D        | Found a blossoming altar of Fedhas.
  1219 | D        | Found a stormy altar of Qazlal.
  1219 | D        | Found a snail-covered altar of Cheibriados.
  1219 | D        | Found a burning altar of Makhleb.
  1219 | D        | Found a shimmering altar of Xom.
  1220 | D        | Found a hazy altar of Hepliaklqana.
  1220 | D        | Found an opulent altar of Gozag.
  1220 | D        | Found a sparkling altar of Nemelex Xobeh.
  1220 | D        | Found a corrupted altar of Lugonu.
  1220 | D        | Found a viscous altar of Jiyva.
  1456 | D        | Noticed a two-headed ogre
  1462 | D        | Killed a two-headed ogre
  1463 | D        | Reached skill level 16 in Long Blades
  1502 | D        | Noticed Erolcha
  1513 | D        | Killed Erolcha
  1513 | D        | Received a gift from Trog
  1514 | D        | Reached skill level 17 in Long Blades
  1514 | D        | Reached XP level 9. HP: 64/95 MP: 7/7
  1514 | D        | Noticed a two-headed ogre
  1523 | D        | Killed a two-headed ogre
  1864 | D        | Reached skill level 18 in Long Blades
  2163 | D        | Noticed Harold
  2163 | D        | Noticed Joseph
  2170 | D        | Killed Harold
  2171 | D        | Reached skill level 15 in Fighting
  2171 | D        | Reached XP level 10. HP: 106/106 MP: 8/8
  2178 | D        | Killed Joseph
  2179 | D        | Reached skill level 19 in Long Blades
  2179 | D        | Reached skill level 10 in Armour
  2209 | D        | Killed from afar by a ynoxinul

Illustrated notes

Levels and vault maps discovered:
D:        dungeon_sprint_mu [sprint_mu_entry_forest, sprint_mu_temple_rooms,
          sprint_mu_d1_spiders, sprint_mu_d2_genie, sprint_mu_d3_branching,
          sprint_mu_orc_legion, sprint_mu_elf_gauntlet, sprint_mu_hive_nellie,
          sprint_mu_lair_fedhas, sprint_mu_vaults_butterflies,
          sprint_mu_slime_circle, sprint_mu_shoals_kraken,
          sprint_mu_snake_twists, sprint_mu_blade_basic,
          sprint_mu_crypt_chambers, sprint_mu_tomb_spiral,
          sprint_mu_vestibule_basic, sprint_mu_gehenna_hellfire,
          sprint_mu_dis_giant, sprint_mu_tartarus_statrot,
          sprint_mu_cocytus_islands, sprint_mu_zot1]

Skill      XL: |  1  2  3  4  5  6  7  8  9 10 |
---------------+-------------------------------+-----
Fighting       | 5 7 8 9 11 12 14 15 | 15.8
Long Blades    | 6 8 9 11 12 14 17 18 19 | 19.2
Armour         | 3 4 5 6 7 9 10 | 10.4
Dodging        | 3 4 5 6 7 8 |  8.4
Stealth        | 1 2 3 |  3.2

Action                   |  1- 3 |  4- 6 |  7- 9 | 10-12 || total
-------------------------+-------+-------+-------+-------++-------
Melee: Falchion          |    19 |    29 |    11 |       ||    59
       Headbutt          |     3 |     8 |     8 |     3 ||    22
       Punch             |       |     1 |     6 |       ||     7
       Long sword        |       |       |    47 |       ||    47
       Triple sword      |       |       |    16 |    16 ||    32
Invok: Berserk           |     2 |     3 |     5 |       ||    10
  Use: Potion            |       |     3 |     1 |     2 ||     6
       Scroll            |       |     1 |       |       ||     1
Armor: Animal skin       |       |     1 |       |       ||     1
       Chain mail        |       |       |     5 |     9 ||    14
Dodge: Dodged            |     9 |     4 |    24 |    13 ||    50
